 Dungeon Crawl Stone Soup version 0.27-a0-836-gfc908b8576 (webtiles) character file.

Game seed: 8631738924121723087

3179 spiderkeys the Nimble (level 9, -7/43 HPs)
             Began as a Felid Transmuter on Apr 1, 2021.
             Was an Elder of Vehumet.
             Mangled by a two-headed ogre
             ... wielding a +0 giant club
              (20 damage)
             ... on level 11 of the Dungeon on Apr 2, 2021.
             The game lasted 00:54:06 (13500 turns).

spiderkeys the Nimble (Felid Transmuter)           Turns: 13500, Time: 00:54:06

Health: -7/43      AC:  6    Str:  6    XL:     9   Next: 63%
Magic:  15/15      EV: 28    Int: 15    God:    Vehumet [****..]
Gold:   786        SH:  0    Dex: 20    Spells: 0/14 levels left
                                        Lives:  0   Deaths: 3

rFire    . . .     SeeInvis +     - Unarmed
rCold    . . .     Faith    .   (shield unavailable)
rNeg     . . .     Spirit   .   (armour unavailable)
rPois    +         Reflect  .   (helmet unavailable)
rElec    .         Harm     .   (cloak unavailable)
rCorr    .         Rampage  .   (gloves unavailable)
Will     +....                  (boots unavailable)
Stlth    ++++++....             e - amulet of regeneration
HPRegen  1.14/turn              o - ring of poison resistance
MPRegen  0.14/turn              j - +4 ring of protection

@: appendages (expiring), quick
A: horns 2, very small, claws 1, fangs 3, see invisible, speed 1, shaggy fur 2,
stealthy paws, no weapons or thrown items, no armour, multi-lived
a: End Transformation, Renounce Religion


You were on level 11 of the Dungeon.
You worshipped Vehumet.
Vehumet was greatly pleased with you.
You had temporarily grown beastly horns.
You visited 1 branch of the dungeon, and saw 12 of its levels.
You also visited: Ossuary.

You collected 786 gold pieces.

Inventory:

Jewellery
 e - an amulet of regeneration (around neck)
 j - a +4 ring of protection (right paw)
 o - a ring of poison resistance (left paw)
Wands
 p - a wand of flame (13)
 u - a wand of paralysis (8)
 w - a wand of mindburst (26)
 x - a wand of digging (5)
Scrolls
 f - 3 scrolls of teleportation
 s - 2 scrolls of vulnerability
Potions
 a - 2 potions of invisibility
 b - 8 potions of curing
 c - 2 potions of flight
 d - a potion of attraction
 g - 2 potions of brilliance
 h - 2 potions of heal wounds {unknown}
 i - 2 potions of haste
 l - a potion of might
 m - 2 potions of lignification {unknown}
 q - a potion of ambrosia {unknown}
 r - 2 potions of magic
Miscellaneous
 n - a phantom mirror
 t - a condenser vane


   Skills:
 + Level 7.0 Fighting
 * Level 12.7 Dodging
 * Level 11.7 Stealth
 + Level 7.1 Unarmed Combat
 - Level 3.4 Spellcasting
 - Level 2.1 Conjurations
 + Level 8.1 Transmutations
 + Level 3.5 Poison Magic


You couldn't memorise any spells.
You knew the following spells:

 Your Spells              Type           Power      Damage    Failure   Level
a - Beastly Appendage     Tmut           52%        N/A       1%          1
b - Magic Dart            Conj           36%        1d4       2%          1
c - Wereblood             Tmut           26%        N/A       1%          2
d - Ignite Poison         Fire/Tmut/Pois 14%        N/A       3%          3
e - Mephitic Cloud        Conj/Pois/Air  8%         N/A       7%          3
f - Foxfire               Conj/Fire      20%        2x1d5     3%          1
g - Spider Form           Tmut/Pois      10%        N/A       5%          3

Your spell library contained the following spells:

 Spells                   Type           Power      Damage    Failure   Level
 Lee's Rapid Deconstruct  Erth           1%         3d5*      75%         5
 Searing Ray              Conj           18%        3d3       3%          2
 Conjure Flame            Conj/Fire      5%         6-21      11%         3
 Dazzling Flash           Conj/Hex       10%        N/A       11%         3
 Inner Flame              Hex/Fire       2%         N/A       16%         3
 Animate Skeleton         Necr           4%         N/A       19%         1
 Apportation              Tloc           4%         N/A       19%         1
 Corona                   Hex            2%         N/A       19%         1
 Pain                     Necr           8%         1d4       19%         1
 Summon Small Mammal      Summ           8%         N/A       19%         1
 Hydra Form               Tmut           13%        N/A       19%         5
 Blink                    Tloc           N/A        N/A       28%         2
 Call Imp                 Summ           2%         N/A       28%         2
 Ensorcelled Hibernation  Hex/Ice        4%         N/A       28%         2
 Slow                     Hex            2%         N/A       28%         2
 Fulminant Prism          Conj/Hex       2%         3d6       30%         4
 Iskenderun's Mystic Bla  Conj/Tloc      5%         2d3       30%         4
 Sticky Flame             Conj/Fire      5%         2d3       30%         4
 Ice Form                 Ice/Tmut       14%        N/A       34%         4
 Call Canine Familiar     Summ           2%         N/A       50%         3
 Confusing Touch          Hex            2%         N/A       50%         3
 Summon Guardian Golem    Hex/Summ       2%         N/A       50%         3
 Tukima's Dance           Hex            2%         N/A       50%         3
 Vampiric Draining        Necr           1%         2d6       50%         3
 Fireball                 Conj/Fire      2%         3d4       61%         5
 Animate Dead             Necr           1%         N/A       88%         4
 Summon Ice Beast         Ice/Summ       2%         N/A       88%         4
 Summon Lightning Spire   Summ/Air       2%         N/A       88%         4
 Agony                    Necr           2%         N/A       99%         5


Dungeon Overview and Level Annotations

Branches:
Dungeon (12/15)            Temple (0/1) D:4            Lair (0/6) D:8
    Orc (0/2) D:9         Ossuary (visited)

Altars:
Elyvilon
Gozag
Hepliaklqana
Makhleb
Nemelex Xobeh
Okawaru
Vehumet
Wu Jian
Xom
Zin
Beogh

Shops:
D:2 :   D:8 (

Portals:
Ice
Cave: D:12

Annotations:
D:7 2 transporters, OTABOTABOTAB's ghost, novice GrFi
D:12 Erolcha


Innate Abilities, Weirdness & Mutations

You have temporarily grown beastly horns.
You have sharp claws.
You have razor-sharp teeth.
You have supernaturally acute eyesight. (SInv)
You cover ground quickly. (Speed+)
You are covered in thick fur. (AC +2)
Your stealthy paws help you sneak and pounce on unaware monsters.
You are incapable of wielding weapons or throwing items.
You cannot wear armour.
You gain extra lives every three experience levels.


Message History

The vampire barely misses you. The vampire completely misses you.
You scratch the vampire.
You headbutt the vampire, but do no damage.
You claw the vampire, but do no damage. You bite the vampire, but do no damage.
The vampire is heavily damaged.
The centaur warrior zombie hits you but does no damage.
The centaur warrior zombie closely misses you.
You claw the vampire! You headbutt the vampire!
The vampire is almost destroyed.
The centaur warrior zombie closely misses you.
The centaur warrior zombie kicks you but does no damage.
The vampire draws life force from you!
The vampire is healed by the life force!
You scratch the vampire.
The vampire is severely damaged.
The centaur warrior zombie completely misses you.
The centaur warrior zombie closely misses you.
The vampire hits you but does no damage.
The vampire closely misses you.
The centaur warrior zombie barely misses you.
The centaur warrior zombie completely misses you.
You scratch the vampire. You bite the vampire, but do no damage.
The vampire is almost destroyed.
The vampire completely misses you. The vampire bites you!
The vampire draws strength from your injuries!
The centaur warrior zombie closely misses you. x2
You scratch the vampire.
The vampire is almost destroyed.
The vampire closely misses you. The vampire misses you.
The centaur warrior zombie closely misses you.
The centaur warrior zombie completely misses you.
You closely miss the vampire.
You headbutt the vampire, but do no damage.
The vampire is almost destroyed.
The centaur warrior zombie hits you.
The centaur warrior zombie kicks you but does no damage.
The vampire completely misses you. The vampire bites you.
The vampire draws strength from your injuries!
The two-headed ogre hits you with a +0 giant club!!
You die...

####+###### *,,* #### ......<...#
########+####* #... .....uT$..#
#..........>.#** #... ..........#
#............+,**#... ..........#
#............#,,,#... ..........#
#............#**,#...
..........#*#............# *,#...
..........#,+..VZO.......# *,#...
..........+,#$..@........# *,+...
..........#*#............# **#...
########'## ########'##### ####
#.# ##...# #.# #..### ##.#
###'######## # #..#
###..........### #
#######'#####.'..........'.# #
#.........##..#..........#.######


You could see a two-headed ogre, a vampire and a centaur warrior zombie.

Vanquished Creatures
  A fire giant (D:10)
  Harold (D:7)
  Erica (D:8)
  2 two-headed ogres
  A fire crab (D:10)
  Pikel (D:5)
  A manticore (D:10)
  A cyclops (D:7)
  Maurice (D:11)
  An unseen horror (D:10)
  A hornet (D:9)
  3 shadows
  2 centaur simulacra (D:10)
  Eustachio (D:5)
  A wyvern (D:9)
  4 yaks (D:10)
  3 steam dragons
  2 black bears
  10 orc warriors
  A sky beast (D:6)
  A necrophage (D:7)
  A centaur (D:6)
  3 ogres
  A lemure (D:5)
  Blork the orc (D:4)
  A kobold brigand (D:9)
  A bullfrog (D:6)
  3 scorpions
  2 water moccasin zombies
  A water moccasin skeleton (D:6)
  A howler monkey (D:4)
  A crimson imp (D:4)
  3 hounds
  3 centaur zombies
  3 bullfrog zombies
  9 orc priests
  A bullfrog skeleton (D:5)
  4 iguanas
  9 orc wizards
  A killer bee zombie (D:7)
  3 hound skeletons
  2 mummies (Ossuary)
  A howler monkey zombie (D:8)
  Robin (D:2)
  4 gnolls (D:5)
  8 adders
  An ufetubus (D:7)
  3 adder zombies
  4 worms
  A dart slug (D:2)
  59 orcs
  4 ball pythons (D:3)
  8 endoplasms
  3 giant cockroaches
  6 gnoll zombies (Ossuary)
  18 goblins
  10 hobgoblins
  4 jackals
  9 kobolds
  3 quokkas
  3 bats (D:1)
  4 frilled lizards
  4 hobgoblin zombies (Ossuary)
  4 kobold zombies (Ossuary)
  4 orc zombies (Ossuary)
  6 rats
266 creatures vanquished.

Vanquished Creatures (others)
  6 foxfires (D:9)
6 creatures vanquished.

Grand Total: 272 creatures vanquished

Notes
Turn   | Place    | Note
-------+----------+-------------------------------------------
     0 | D:1      | spiderkeys the Felid Transmuter began the quest for the
                  | Orb.
     0 | D:1      | Reached XP level 1. HP: 9/9 MP: 4/4
   260 | D:1      | Reached XP level 2. HP: 9/12 MP: 4/6
   377 | D:1      | Reached skill level 1 in Stealth
   757 | D:1      | Reached skill level 3 in Dodging
  1162 | D:2      | Reached XP level 3. HP: 2/15 MP: 7/7
  1429 | D:2      | Found Arack's Book Boutique.
  1931 | D:2      | Noticed Robin
  2921 | D:2      | Killed Robin
  2922 | D:2      | Reached XP level 4. HP: 16/19 MP: 8/8
  2948 | D:2      | Found a white marble altar of Elyvilon.
  3084 | D:2      | Found a radiant altar of Vehumet.
  3529 | D:2      | Became a worshipper of Vehumet
  3544 | D:2      | Learned a level 1 spell: Magic Dart
  4140 | D:3      | Reached XP level 5. HP: 21/22 MP: 7/9
  4170 | D:3      | Found an opulent altar of Gozag.
  4198 | D:3      | Found a glowing silver altar of Zin.
  4248 | D:3      | Reached skill level 4 in Dodging
  4810 | D:4      | Noticed Blork the orc
  4820 | D:4      | Slain by Blork the orc
  4821 | D:4      | Reached XP level 4. HP: -2/19 MP: 8/8
  4857 | D:4      | Reached * piety under Vehumet
  4857 | D:4      | Offered knowledge of Sandblast by Vehumet.
  4919 | D:4      | Noticed a scorpion
  4930 | D:4      | Killed a scorpion
  4931 | D:4      | Reached skill level 1 in Conjurations
  4931 | D:4      | Reached XP level 5. HP: 20/23 MP: 10/10
  5007 | D:4      | Killed Blork the orc
  5008 | D:4      | Reached skill level 5 in Dodging
  5008 | D:4      | Gained mutation: You are covered in thick fur. (AC +2)
                  | [Felid growth]
  5008 | D:4      | Reached XP level 6. HP: 25/27 MP: 11/11
  5102 | D:4      | Found a shimmering altar of Xom.
  5102 | D:4      | Found a burning altar of Makhleb.
  5267 | D:4      | Found an ornate altar of the Wu Jian Council.
  5338 | D:4      | Found a staircase to the Ecumenical Temple.
  5627 | D:5      | Entered Level 5 of the Dungeon
  5691 | D:5      | Noticed Eustachio
  5798 | D:5      | HP: 1/28 [ufetubus[Eustachio] (3)]
  5933 | D:5      | Killed Eustachio
  5934 | D:5      | Reached skill level 6 in Dodging
  5934 | D:5      | Reached XP level 7. HP: 31/31 MP: 11/13
  6044 | D:5      | Reached ** piety under Vehumet
  6121 | D:5      | Offered knowledge of Searing Ray by Vehumet.
  6125 | D:5      | Learned a level 2 spell: Wereblood
  6440 | D:5      | Noticed Pikel
  6854 | D:6      | Reached skill level 7 in Dodging
  6949 | D:6      | Reached XP level 8. HP: 30/36 MP: 14/14
  7165 | D:6      | Reached skill level 5 in Transmutations
  7474 | D:6      | Reached skill level 8 in Dodging
  7683 | D:7      | Found a sand-covered staircase.
  7691 | Ossuary  | Entered an ossuary
  7801 | Ossuary  | Offered knowledge of Stone Arrow by Vehumet.
  8024 | D:7      | Reached *** piety under Vehumet
  8070 | D:7      | Found a transporter.
  8078 | D:7      | Noticed OTABOTABOTAB's ghost (novice GrFi)
  8085 | D:7      | Found a transporter.
  8125 | D:7      | Noticed Harold
  8173 | D:7      | Reached skill level 5 in Stealth
  8191 | D:7      | Killed Harold
  8192 | D:7      | Reached skill level 5 in Fighting
  8192 | D:7      | Reached skill level 9 in Dodging
  8192 | D:7      | Reached skill level 5 in Unarmed Combat
  8192 | D:7      | Reached XP level 9. HP: 38/40 MP: 15/15
  8251 | D:7      | Noticed a cyclops
  8270 | D:7      | Killed a cyclops
  8372 | D:7      | Found an iron altar of Okawaru.
  8668 | D:7      | Found a burning altar of Makhleb.
  8674 | D:7      | Reached skill level 10 in Dodging
  8916 | D:5      | Killed Pikel
  9093 | D:8      | Found a staircase to the Lair.
  9308 | D:8      | Offered knowledge of Ignite Poison by Vehumet.
  9374 | D:8      | Learned a level 3 spell: Ignite Poison
  9397 | D:8      | Learned a level 3 spell: Mephitic Cloud
  9612 | D:8      | Noticed Erica
  9622 | D:8      | Killed Erica
  9623 | D:8      | Reached XP level 10. HP: 28/45 MP: 16/16
  9654 | D:8      | Reached skill level 1 in Poison Magic
  9686 | D:8      | Found a hazy altar of Hepliaklqana.
  9699 | D:8      | Found a sparkling altar of Nemelex Xobeh.
  9882 | D:8      | Found Ynam's Antique Weapon Emporium.
  9981 | D:8      | Reached **** piety under Vehumet
 10076 | D:8      | Reached skill level 11 in Dodging
 10232 | D:9      | Learned a level 1 spell: Foxfire
 10577 | D:9      | Offered knowledge of Lee's Rapid Deconstruction by Vehumet.
 11073 | D:9      | Noticed a two-headed ogre
 11187 | D:8      | Reached skill level 10 in Stealth
 11234 | D:8      | Learned a level 3 spell: Spider Form
 11248 | D:9      | Killed a two-headed ogre
 11319 | D:9      | Found a staircase to the Orcish Mines.
 11771 | D:10     | Entered Level 10 of the Dungeon
 12010 | D:10     | Reached XP level 11. HP: 49/49 MP: 11/17
 12102 | D:10     | Noticed a two-headed ogre
 12109 | D:10     | Killed a two-headed ogre
 12110 | D:10     | Reached skill level 12 in Dodging
 12512 | D:10     | Found a runed translucent door.
 12512 | D:10     | You fall into a shaft and drop 2 floors!
 12515 | D:12     | Found a frozen archway.
 12522 | D:12     | Noticed Erolcha
 12586 | D:12     | Noticed a white ugly thing
 12716 | D:11     | Noticed Maurice
 12718 | D:11     | Killed Maurice
 12729 | D:11     | Noticed a red ugly thing
 12870 | D:10     | Noticed a fire giant
 12876 | D:10     | Killed a fire giant
 12890 | D:10     | Noticed a fire crab
 12890 | D:10     | Noticed a tengu reaver
 13060 | D:10     | HP: 1/49 [fire crab (9)]
 13060 | D:10     | Mangled by a fire crab
 13061 | D:10     | Reached XP level 10. HP: -7/46 MP: 15/16
 13065 | D:10     | Killed a fire crab
 13237 | D:10     | Killed from afar by a tengu reaver
 13238 | D:10     | Reached XP level 9. HP: -10/43 MP: 8/15
 13486 | D:11     | Noticed a two-headed ogre
 13500 | D:11     | Mangled by a two-headed ogre

Illustrated notes

Levels and vault maps discovered:
D:1:      onia_arrival_pentagram, layout_rooms, serial_glass, glass_columns_a,
          glass_columns_c, item_on_display_a, item_on_display_b,
          due_unseen_surprise, item_on_display_b
D:2:      layout_basic, elyvilon_altar_1, nicolae_vehumet_altar_sigil,
          serial_shops, shop, uniq_robin
D:3:      layout_rooms, pdpol_temple_overflow_zin_treasury_gozag_greed
D:4:      layout_basic, grunt_temple_overflow_champion_of_chaos,
          nicolae_wu_jian_immortal_techniques, minmay_temple_entry_overgrown,
          uniq_blork_the_orc
D:5:      layout_basic, uniq_pikel, uniq_eustachio
D:6:      layout_basic
D:7:      layout_basic, okawaru_trees_1, gammafunk_ghost_stat_death,
          chequers_ossuary_entry_cave, makhleb_blood_cavern_becter, uniq_harold
D:8:      layout_loops_ring, amethyst_overflow_temple_binary, lair_entry_dummy,
          serial_shops, shop, special_room [special_room_orc],
          kennysheep_another_room, uniq_erica
D:9:      layout_cave_pools, david_orc_4
D:10:     layout_gridville, minivault_13
D:11:     layout_roguey, uniq_maurice, uniq_urug
D:12:     layout_loops_cross, ebering_ghost_inner_flame,
          portal_ice_cave_entry_ice_beasts, kennysheep_decorative_pillar,
          kennysheep_donut, nicolae_qazlal_eye_of_the_storm, uniq_erolcha

Skill      XL: |  1  2  3  4  5  6  7  8  9 10 11 |
---------------+----------------------------------+-----
Stealth        | 1 2 3 6 8 10 11 | 11.7
Dodging        | 3 5 6 7 9 10 11 12 | 12.7
Transmutations | 3 4 5 6 7 8 |  8.1
Fighting       | 2 3 5 7 |  7.0
Conjurations   | 1 2 |  2.1
Spellcasting   | 3 |  3.4
Unarmed Combat | 5 6 7 |  7.1
Poison Magic   | 2 3 |  3.5

Action                   |  1- 3 |  4- 6 |  7- 9 | 10-12 || total
-------------------------+-------+-------+-------+-------++-------
Melee: Unarmed           |   141 |   211 |   389 |   275 ||  1016
       Headbutt          |    12 |    29 |    82 |    24 ||   147
       Bite              |     8 |    19 |    53 |    20 ||   100
       Punch             |     1 |     2 |     7 |     7 ||    17
 Cast: Beastly Appendage |    19 |    36 |    43 |    12 ||   110
       Magic Dart        |       |     4 |    38 |     2 ||    44
       Mephitic Cloud    |       |       |     2 |    38 ||    40
       Ignite Poison     |       |       |     2 |    27 ||    29
       Spider Form       |       |       |       |     9 ||     9
       Foxfire           |       |       |       |     3 ||     3
Evoke: Wand              |       |     1 |    23 |     1 ||    25
  Use: Scroll            |     3 |     5 |     9 |     7 ||    24
 Stab: Sleeping          |       |    10 |    16 |     9 ||    35
       Distracted        |       |     1 |       |     1 ||     2
       Confused          |       |       |       |    10 ||    10
Armor: Skin              |    11 |     8 |    23 |    14 ||    56
Dodge: Dodged            |   105 |   191 |   364 |   295 ||   955

Table legend: (Time is in decaauts)
 A = Elapsed time spent in this place.
 B = Non-inter-level travel time spent in this place.
 C = Inter-level travel time spent in this place.
 D = Time resting spent in this place.
 E = Time spent auto-exploring this place.
 F = Levels seen in this place.
 G = Mean time per level.
                   A        B        C        D        E       F      G
               +--------+--------+--------+--------+--------+-----+--------+
         Total |  11877 |  11159 |    718 |   2135 |   5646 |  13 |  913.6 |
       Dungeon |  11640 |  10922 |    718 |   2128 |   5615 |  12 |  970.0 |
       Ossuary |    237 |    237 |      0 |      7 |     30 |   1 |  237.0 |
               +--------+--------+--------+--------+--------+-----+--------+

Top non-repeatable levels by time:
     D:1: 2317 daAuts
     D:2: 1605 daAuts
     D:8: 1465 daAuts
     D:5: 1071 daAuts
    D:10: 1051 daAuts
     D:9: 980 daAuts
     D:7: 929 daAuts
     D:4: 749 daAuts
     D:6: 628 daAuts
     D:3: 507 daAuts
    D:11: 270 daAuts
 Ossuary: 237 daAuts
    D:12: 64 daAuts
